 Dungeon Crawl Stone Soup version 0.27.1-33-g824d729ab1 (webtiles) character file.

Game seed: 17440831801092883847

296 Fetmaboll the Covered (level 6, -5/55 HPs)
             Began as a Minotaur Fighter on Dec 1, 2021.
             Splashed by a jelly's acid (9 damage)
             ... on level 4 of the Dungeon.
             The game lasted 00:21:50 (3678 turns).

Fetmaboll the Covered (Minotaur Fighter)            Turns: 3678, Time: 00:21:51

Health: -5/55      AC:  0    Str: 23    XL:     6   Next: 12%
Magic:  5/5        EV:  8    Int:  5    God:
Gold:   168        SH: 10    Dex:  9    Spells: 5/5 levels left

rFire    . . .     SeeInvis .   a - +0 trident
rCold    . . .     Faith    .   c - +0 kite shield
rNeg     . . .     Spirit   .   b - +0 scale mail
rPois    .         Reflect  .   (helmet restricted)
rElec    .         Harm     .   (no cloak)
rCorr    .         Rampage  .   o - +0 pair of gloves
Will     .....                  h - +2 pair of boots
Stlth    ..........             (no amulet)
HPRegen  0.18/turn              (no ring)
MPRegen  0.09/turn              (no ring)

@: corroded
A: horns 2, retaliatory headbutt
a: no special abilities


You were on level 4 of the Dungeon.
You visited 1 branch of the dungeon, and saw 4 of its levels.

You collected 168 gold pieces.

Inventory:

Hand Weapons
 a - a +0 trident (weapon)
Armour
 b - a +0 scale mail (worn)
 c - a +0 kite shield (worn)
 h - a +2 pair of boots (worn)
 o - a +0 pair of gloves (worn)
Jewellery
 e - a ring of positive energy
 g - a ring of wizardry
Scrolls
 f - 2 scrolls of teleportation {unknown}
 i - a scroll of blinking {unknown}
 j - 2 scrolls of identify {unknown}
 n - a scroll of acquirement {unknown}
 q - a scroll of fear {unknown}
 s - a scroll of enchant weapon {unknown}
 t - a scroll of holy word {unknown}
Potions
 d - a potion of might
 k - a potion of curing {unknown}
 l - 2 potions of haste {unknown}
 m - a potion of lignification {unknown}
 p - a potion of flight {unknown}
 r - a potion of magic {unknown}


   Skills:
 + Level 4.8 Fighting
 + Level 4.5 Polearms
 + Level 5.0 Armour
 + Level 1.5 Dodging
 + Level 0.3 Stealth
 + Level 5.0 Shields


You had 5 spell levels left.
You didn't know any spells.
Your spell library contained the following spells:

 Spells                   Type           Power      Damage    Failure   Level
 Sandblast                Erth           0%         2d4       99%         1
 Passwall                 Tmut/Erth      0%         N/A       100%        2
 Lee's Rapid Deconstruct  Erth           0%         3d5*      100%        5


Dungeon Overview and Level Annotations

Branches:
Dungeon (4/15)
 Temple: D:4-7

Altars:


Innate Abilities, Weirdness & Mutations

You have a pair of horns on your head.
You reflexively headbutt those who attack you in melee.


Message History

You see here a +0 club.
Found a scroll labelled MOSSOS RAUXKUS.
t - a scroll labelled MOSSOS RAUXKUS You hear the drain falling apart.
The walls and floor vibrate strangely for a moment.
Items here: )) [[ รท.
Things that are here:
a +0 short sword; an orc skeleton You see here 26 stones.
A jelly comes into view.
The jelly quivers.
You hit the jelly. The acid corrodes you!
Your hands burn!
You headbutt the jelly, but do no damage.
The jelly is lightly wounded.
You block the jelly's attack. x2
You hit the jelly. The acid corrodes you!
Your hands burn!
The jelly is moderately wounded.
The jelly hits you. The acid corrodes you!
You are splashed with acid.
You hit the jelly.
Your hands burn!
You headbutt the jelly, but do no damage.
The jelly is heavily wounded.
You block the jelly's attack.
You hit the jelly but do no damage. The acid corrodes you!
Your hands burn!
You headbutt the jelly, but do no damage.
The jelly is heavily wounded.
The jelly hits you.
You are splashed with acid!
You hit the jelly.
Your hands burn!
You headbutt the jelly, but do no damage.
The jelly is severely wounded.
The jelly hits you.
You are splashed with acid!
* * * LOW HITPOINT WARNING * * *
The jelly hits you.
* * * LOW HITPOINT WARNING * * *
You are splashed with acid!
* * * LOW HITPOINT WARNING * * *
You block the jelly's attack. The jelly hits you.
* * * LOW HITPOINT WARNING * * *
You are splashed with acid!
You die...

##.....##
#.......#
##.....## ##...##
######### #..##
#.......# #.##
#.#.....# #.# #
#.#..J#######.#
...##..@.......#
#.####.##########
#......# ########


You could see a jelly.

Vanquished Creatures
  A phantom (D:4)
  A hound (D:3)
  An iguana (D:3)
  2 orc wizards
  4 gnolls
  A worm (D:3)
  A dart slug (D:1)
  6 orcs
  9 ball pythons
  3 endoplasms
  A giant cockroach (D:3)
  6 goblins
  8 hobgoblins
  4 jackals (D:1)
  7 kobolds
  A quokka (D:2)
  3 bats
  4 frilled lizards
  7 rats
70 creatures vanquished.

Notes
Turn   | Place    | Note
-------+----------+-------------------------------------------
     0 | D:1      | Fetmaboll the Minotaur Fighter began the quest for the Orb.
     0 | D:1      | Reached XP level 1. HP: 19/19 MP: 0/0
     2 | D:1      | Noticed a spriggan
     2 | D:1      | Noticed a barachi
     4 | D:1      | Noticed an ogre
     4 | D:1      | Noticed a minotaur
     6 | D:1      | Noticed a vine stalker
     6 | D:1      | Noticed a demonspawn
     8 | D:1      | Noticed a palentonga
    10 | D:1      | Noticed a dwarf
    10 | D:1      | Noticed a draconian
    12 | D:1      | Noticed an elf
    12 | D:1      | Noticed a merfolk
    14 | D:1      | Noticed a vampire
    14 | D:1      | Noticed a formicid
    16 | D:1      | Noticed a gargoyle
    16 | D:1      | Noticed an octopode
    18 | D:1      | Noticed a human
    18 | D:1      | Noticed a felid
    20 | D:1      | Noticed a naga
    20 | D:1      | Noticed a troll
    22 | D:1      | Noticed a djinni
    22 | D:1      | Noticed a tengu
    24 | D:1      | Noticed a ghoul
    26 | D:1      | Noticed a demigod
    74 | D:1      | You fall into a shaft and drop 1 floor!
   187 | D:1      | Reached XP level 2. HP: 19/27 MP: 1/1
   786 | D:1      | Reached XP level 3. HP: 33/33 MP: 2/2
  1208 | D:2      | Found a faded altar of an unknown god.
  2100 | D:3      | Reached XP level 4. HP: 39/41 MP: 3/3
  2937 | D:3      | Reached skill level 1 in Dodging
  2951 | D:3      | Reached XP level 5. HP: 38/47 MP: 4/4
  3018 | D:4      | Found a glowing drain.
  3165 | D:4      | Noticed a phantom
  3176 | D:4      | Killed a phantom
  3177 | D:4      | Reached skill level 5 in Armour
  3322 | D:4      | Reached XP level 6. HP: 43/55 MP: 5/5
  3565 | D:3      | Reached skill level 5 in Shields
  3678 | D:4      | Splashed by a jelly's acid

Illustrated notes

Levels and vault maps discovered:
D:1:      kb_arrival_jail, layout_loops_ring
D:2:      layout_rooms, hellmonk_ecumenical_altar_run_dry
D:3:      layout_loops_corners, hangedman_decor_push,
          amcnicky_mini_rare_corridor_liquid, st_stairs_8,
          roderic_serpentine_path, hangedman_decor_clover_reticule
D:4:      layout_loops_cross, portal_sewer_entry_a

Skill      XL: |  1  2  3  4  5  6 |
---------------+-------------------+-----
Armour         | 4 5 |  5.0
Fighting       | 4 |  4.8
Shields        | 4 5 |  5.0
Polearms       | 3 4 |  4.5
Dodging        | 1 |  1.5
Stealth        | |  0.3

Action                   |  1- 3 |  4- 6 || total
-------------------------+-------+-------++-------
Melee: Trident           |   118 |    96 ||   214
       Headbutt          |    10 |    17 ||    27
Armor: Scale mail        |    38 |    41 ||    79
Dodge: Dodged            |    25 |    26 ||    51
Block: Kite shield       |    44 |    39 ||    83
